 Dungeon Crawl Stone Soup version 0.28-a0-1190-g77e1c55843 (webtiles) character file.

Game seed: 14267989190147770139

119 ChaosChampion the Conjurer (level 4, 0/24 HPs)
             Began as a Deep Elf Conjurer on Dec 17, 2021.
             Slain by a giant cockroach (2 damage)
             ... on level 4 of the Dungeon.
             The game lasted 00:03:17 (2942 turns).

ChaosChampion the Conjurer (Deep Elf Conjurer)      Turns: 2942, Time: 00:03:18

Health: 0/24       AC:  2    Str:  4    XL:     4   Next: 73%
Magic:  0/12       EV: 13    Int: 25    God:
Gold:   67         SH:  0    Dex: 13    Spells: 0/11 levels left

rFire   . . .      SeeInvis .   (no weapon)
rCold   . . .      Faith    .   (no shield)
rNeg    . . .      Spirit   .   a - +0 robe
rPois   .          Reflect  .   (no helmet)
rElec   .          Harm     .   (no cloak)
rCorr   .          Rampage  .   (no gloves)
Will    .....                   (no boots)
Stlth   ++........              (no amulet)
HPRegen 0.08/turn               (no ring)
MPRegen 0.13/turn               (no ring)

@: no status effects
A: no striking features
a: no special abilities


You were on level 4 of the Dungeon.
You visited 1 branch of the dungeon, and saw 4 of its levels.

You collected 67 gold pieces.

Inventory:

Missiles
 f - a throwing net
Armour
 a - a +0 robe (worn)
Scrolls
 b - a scroll of teleportation
 j - a scroll of fear
 l - a scroll of fog {unknown}
 m - a scroll of brand weapon {unknown}
 n - 3 scrolls of identify {unknown}
Potions
 c - a potion of curing {unknown}
 d - a potion of brilliance {unknown}
 e - a potion of ambrosia {unknown}
 h - a potion of might {unknown}
 i - a potion of berserk rage {unknown}
 k - a potion of resistance {unknown}
 o - 2 potions of attraction {unknown}


   Skills:
 - Level 3.3 Dodging
 - Level 3.4 Stealth
 + Level 4.3 Spellcasting
 + Level 5.1 Conjurations
 + Level 1.2 Poison Magic


You couldn't memorise any spells.
You knew the following spells:

 Your Spells              Type           Power      Damage    Failure   Level
a - Magic Dart            Conj           100%       1d8       1%          1
b - Searing Ray           Conj           62%        2d6       1%          2
c - Olgreb's Toxic Radia  Pois           11%        N/A       47%         4
d - Iskenderun's Mystic   Conj/Tloc      18%        2d6       30%         4

Your spell library contained the following spells:

 Spells                   Type           Power      Damage    Failure   Level
 Sting                    Tmut/Pois      32%        1d4       7%          1
 Slow                     Hex            20%        N/A       9%          1
 Dazzling Flash           Conj/Hex       36%        N/A       10%         3
 Poisonous Vapours        Pois/Air       16%        N/A       11%         2
 Confusing Touch          Hex            5%         N/A       26%         3
 Vampiric Draining        Necr           5%         2d6       26%         3
 Fulminant Prism          Conj/Hex       9%         3d7       30%         4


Dungeon Overview and Level Annotations

Branches:
Dungeon (4/15)
 Temple: D:4-7

Altars:
The Shining One

Annotations:
D:4 Edmund, Eustachio


Message History

The hobgoblin hits you.
* * * LOW HITPOINT WARNING * * *
Found a stone staircase leading up.
The hobgoblin barely misses you.
Casting: Searing Ray (safe; 1% risk of failure)
Confirm with . or Enter, or press ? or * to list all spells.
The spell is potentially lethal to miscast (30% risk of failure)!
Continue anyway?
Okay, then.
Casting: Iskenderun's Mystic Blast (potentially lethal; 30% risk of failure)
Confirm with . or Enter, or press ? or * to list all spells.
Aiming: Searing Ray (safe; 1% risk of failure)
Press: ? - help, Shift-Dir - straight line, f - hobgoblin
Aim: a hobgoblin (79% to hit)
The searing ray misses the hobgoblin. (Press . to maintain the ray.)
The hobgoblin closely misses you. The hobgoblin barely misses you.
There is a stone staircase leading up here.
Casting: Searing Ray (safe; 1% risk of failure)
Confirm with . or Enter, or press ? or * to list all spells.
Aiming: Searing Ray (safe; 1% risk of failure)
Press: ? - help, Shift-Dir - straight line, f/p - hobgoblin
Aim: a hobgoblin (79% to hit)
The searing ray hits the hobgoblin.
The hobgoblin is heavily wounded. (Press . to maintain the ray.)
The giant cockroach bites you.
* * * LOW HITPOINT WARNING * * *
The hobgoblin misses you.
The searing ray misses the hobgoblin.
The giant cockroach bites you but does no damage.
The hobgoblin completely misses you.
Casting: Searing Ray (safe; 1% risk of failure)
Confirm with . or Enter, or press ? or * to list all spells.
Restarting spell: Searing Ray (safe; 1% risk of failure)
Press: ? - help, Shift-Dir - straight line, f/p - hobgoblin
Aim: a hobgoblin (heavily wounded, 79% to hit)
The searing ray misses the hobgoblin. (Press . to maintain the ray.)
The giant cockroach bites you.
You die...

..#*,.##......#.##.#**,******,*
.#**,,*#......#.#*,# *,* *,* .#
*,,*#.....g#.#*,***,* *,* .#
*,,##......#..,,,,,,* *,* .#
*,.........#.#******* *,* .#
*,###......#.# *,*** .# *,*
#.....g#.# *,,,, .# *,*
#.......g## ***** .#**,*
#.......B@# ....,* ###########
.###** .# .# ,* **


You could see a giant cockroach, a hobgoblin and a goblin.

Vanquished Creatures
  A hound skeleton (D:4)
  3 adders
  2 worms
  3 dart slugs
  An orc (D:3)
  3 ball pythons
  8 endoplasms
  3 giant cockroaches
  2 goblins (D:1)
  8 hobgoblins
  2 quokkas
  5 bats
  13 frilled lizards
  6 kobolds
  7 rats
67 creatures vanquished.

Vanquished Creatures (others)
  8 plants (D:2)
8 creatures vanquished.

Grand Total: 75 creatures vanquished

Notes
Turn   | Place    | Note
-------+----------+-------------------------------------------
     0 | D:1      | ChaosChampion the Deep Elf Conjurer began the quest for the
                  | Orb.
     0 | D:1      | Reached XP level 1. HP: 10/10 MP: 6/6
   232 | D:1      | Reached XP level 2. HP: 15/15 MP: 6/8
   235 | D:1      | Learned a level 2 spell: Searing Ray
   254 | D:1      | Found a faded altar of an unknown god.
   696 | D:1      | Reached XP level 3. HP: 19/19 MP: 7/10
  2013 | D:3      | Reached XP level 4. HP: 24/24 MP: 7/11
  2018 | D:3      | Learned a level 4 spell: Olgreb's Toxic Radiance
  2152 | D:3      | Reached skill level 5 in Conjurations
  2230 | D:3      | Learned a level 4 spell: Iskenderun's Mystic Blast
  2238 | D:3      | Found a glowing golden altar of the Shining One.
  2737 | D:4      | Noticed Edmund
  2757 | D:4      | Reached skill level 1 in Poison Magic
  2863 | D:4      | Noticed Eustachio
  2942 | D:4      | Slain by a giant cockroach

Illustrated notes

Levels and vault maps discovered:
D:1:      kilobyte_arrival_exit_the_forest, layout_loops_ring,
          ebering_ecumenical_altar_sacrificial
D:2:      layout_loops_cross, minmay_lizard_king
D:3:      layout_rooms, marbit_many_paths, serial_glass, glass_columns_b,
          glass_columns_a
D:4:      layout_basic, uniq_edmund, uniq_natasha, uniq_eustachio

Skill      XL: |  1  2  3  4 |
---------------+-------------+-----
Stealth        | 3 |  3.4
Dodging        | 3 |  3.3
Spellcasting   | 4 |  4.3
Conjurations   | 5 |  5.1
Poison Magic   | 1 |  1.2

Action                   |  1- 3 |  4- 6 || total
-------------------------+-------+-------++-------
Melee: Unarmed           |       |     5 ||     5
 Cast: Magic Dart        |    84 |    27 ||   111
       Searing Ray       |       |     9 ||     9
  Use: Scroll            |       |     4 ||     4
Armor: Robe              |       |     5 ||     5
Dodge: Dodged            |       |    21 ||    21

Table legend: (Time is in decaauts)
 A = Elapsed time spent in this place.
 B = Non-inter-level travel time spent in this place.
 C = Inter-level travel time spent in this place.
 D = Time resting spent in this place.
 E = Time spent auto-exploring this place.
 F = Levels seen in this place.
 G = Mean time per level.
                   A        B        C        D        E       F      G
               +--------+--------+--------+--------+--------+-----+--------+
         Total |   2949 |   2871 |     78 |      0 |   2492 |   4 |  737.2 |
       Dungeon |   2949 |   2871 |     78 |      0 |   2492 |   4 |  737.2 |
               +--------+--------+--------+--------+--------+-----+--------+

Top non-repeatable levels by time:
     D:1: 1062 daAuts
     D:2: 932 daAuts
     D:3: 685 daAuts
     D:4: 268 daAuts
